 Dungeon Crawl Stone Soup version 0.16-a0-1858-gba9b1e2 (webtiles) character file.

67 ztt the Grave Robber (level 3, 0/19 HPs)
             Began as a Deep Elf Necromancer on Nov 4, 2014.
             Slain by a vampire bat (3 damage)
             ... on level 2 of the Dungeon.
             The game lasted 00:04:26 (1407 turns).

ztt the Grave Robber (Deep Elf Necromancer)         Turns: 1407, Time: 00:04:26

Health: 0/19       AC:  2    Str:  5    XL:     3   Next: 98%
Magic:  3/12       EV: 13    Int: 25    God:
Gold:   126        SH:  0    Dex: 15    Spells: 4 memorised, 2 levels left

rFire  + . .     SeeInvis .     (no weapon)
rCold  . . .     Clarity  .     a - +0 robe
rNeg   . . .     SustAb   .     (no shield)
rPois  .         Gourm    .     (no helmet)
rElec  .         Spirit   .     (no cloak)
rCorr  .         Warding  .     (no gloves)
rMut   .         Stasis   .     (no boots)
MR     .....                    (no amulet)
Stlth  ++........               (no ring)
                                m - ring of protection from fire

@: brilliant, very slightly contaminated, hasted, very quick, not resistant to
hostile enchantments, unstealthy
A: no striking features
a: no special abilities


You were on level 2 of the Dungeon.
You were hungry.

You visited 1 branch of the dungeon, and saw 2 of its levels.

You collected 126 gold pieces.

Inventory:

Armour
 a - a +0 robe (worn)
Jewellery
 m - a ring of protection from fire (left hand)
Magical devices
 i - a wand of frost (20)
Scrolls
 g - 5 scrolls of identify {unknown}
 j - a scroll of random uselessness
 l - 2 scrolls of remove curse {unknown}
Books
 b - a book of Necromancy

   Spells                             Type                      Level
   *Pain                              Necromancy                   1
   *Animate Skeleton                  Necromancy                   1
   *Vampiric Draining                 Necromancy                   3
   *Regeneration                      Charms/Necromancy            3
   Animate Dead                       Necromancy                   4
   Control Undead                     Necromancy                   4
Comestibles
 c - 2 bread rations


   Skills:
 + Level 2.5 Dodging
 + Level 2.7 Stealth
 + Level 4.4 Spellcasting
 + Level 5.8 Necromancy


You had 2 spell levels left.
You knew the following spells:

 Your Spells              Type           Power        Failure   Level  Hunger
a - Pain                  Necr           ####         1%          1    None
b - Animate Skeleton      Necr           N/A          1%          1    None
c - Vampiric Draining     Necr           #####.....   1%          3    ##.....
d - Regeneration          Chrm/Necr      #####.....   1%          3    ##.....


Dungeon Overview and Level Annotations

Branches:
Dungeon (2/15)

Altars:
Kikubaaqudgha


Message History

The bat hits you but does no damage. The bat hits you but does no damage.
The bat misses you.
Your surroundings suddenly seem different.
A zombie and a skeleton come into view. 2 vampire bats and a zombie come into view.
The bat skeleton misses you.
Found an ancient bone altar of Kikubaaqudgha.
A worm and a vampire bat come into view.
The vampire bat completely misses you. The bat skeleton barely misses you.
The vampire bat bites you but does no damage.
A bat skeleton comes into view.
The bat skeleton hits you but does no damage.
The bat skeleton hits you but does no damage.
The vampire bat bites you.
* * * LOW HITPOINT WARNING * * *
The vampire bat misses you. The bat skeleton closely misses you.
The bat skeleton barely misses you. The vampire bat closely misses you.
The vampire bat bites you.
You die...

####... ##
#######
##.#.#.######
#w⌠.#.Zb#...#
#.#.#.#@#
#.⌠Z#b⌠Z#
#⌠b⌠.#.#.#Z#.#
#._...#.⌠.#.⌠.#
#⌠.⌠.#.#.#.#.#..
#...#.⌠ #.⌠.#
⌠.# ##.#.#. #.#
# ##.⌠.# #.. ##
# ###


You could see 2 vampire bats, a bat zombie (dormant) and 2 bat skeletons.

Vanquished Creatures
  4 adders (D:2)
  2 giant cockroaches
  2 jackals (D:2)
  7 kobolds
  7 bats
  3 giant newts
  6 goblins (D:1)
  2 rats
33 creatures vanquished.

Vanquished Creatures (others)
  2 adder skeletons (D:2)
2 creatures vanquished.

Grand Total: 35 creatures vanquished

Notes
Turn   | Place    | Note
--------------------------------------------------------------
     0 | D:1      | ztt, the Deep Elf Necromancer, began the quest for the Orb.
     0 | D:1      | Reached XP level 1. HP: 10/10 MP: 5/5
     2 | D:1      | Learned a level 1 spell: Animate Skeleton
    85 | D:1      | Reached skill level 5 in Necromancy
   408 | D:1      | Reached XP level 2. HP: 15/15 MP: 6/8
   951 | D:2      | Reached XP level 3. HP: 15/19 MP: 5/11
  1164 | D:2      | Learned a level 3 spell: Vampiric Draining
  1168 | D:2      | Learned a level 3 spell: Regeneration
  1401 | D:2      | Found an ancient bone altar of Kikubaaqudgha.
  1401 | D:2      | Noticed a vampire bat
  1401 | D:2      | Noticed a vampire bat
  1402 | D:2      | Noticed a vampire bat
  1407 | D:2      | Slain by a vampire bat

Action                   || total
-------------------------++-------
Melee: Unarmed           ||     1
 Cast: Pain              ||    56
       Animate Skeleton  ||     6
       Vampiric Draining ||     2
  Use: Scroll            ||     3
       Potion            ||     3
  Eat: Chunk             ||     1
